 Dungeon Crawl Stone Soup version 0.25.1-2-g60ff931df9 (webtiles) character file.

Game seed: 17640289629357780999

6 gruber the Chiller (level 1, 0/13 HPs)
             Began as a Gnoll Ice Elementalist on Oct 12, 2020.
             Slain by a centaur skeleton (4 damage)
             ... on level 4 of the Dungeon.
             The game lasted 00:00:30 (466 turns).

gruber the Chiller (Gnoll Ice Elementalist)          Turns: 466, Time: 00:00:31

Health: 0/13       AC:  2    Str: 10    XL:     1   Next: 90%
Magic:  6/6        EV: 14    Int: 17    God:
Gold:   0          SH:  0    Dex: 15    Spells: 8/9 levels left

rFire    . . .     SeeInvis .   (no weapon)
rCold    . . .     Gourm    .   (no shield)
rNeg     . . .     Faith    .   a - +0 robe
rPois    .         Spirit   .   (no helmet)
rElec    .         Reflect  .   (no cloak)
rCorr    .         Harm     .   (no gloves)
MR       .....                  (no boots)
Stlth    +++.......             (no amulet)
HPRegen  0.04/turn              (no ring)
MPRegen  0.10/turn              (no ring)

@: no status effects
A: distributed training, fangs 1, strong nose
a: no special abilities


You were on level 4 of the Dungeon.
You were not hungry.

You visited 1 branch of the dungeon, and saw 3 of its levels.

Inventory:

Armour
 a - a +0 robe (worn)
Scrolls
 b - a scroll of enchant armour {unknown}
 d - a scroll of remove curse {unknown}
 e - a scroll of random uselessness {unknown}
Comestibles
 c - 2 rations


   Skills:
 + Level 0.1 Fighting
 + Level 0.1 Short Blades
 + Level 0.1 Long Blades
 + Level 0.1 Axes
 + Level 0.1 Maces & Flails
 + Level 0.1 Polearms
 + Level 0.1 Staves
 + Level 0.1 Slings
 + Level 0.1 Bows
 + Level 0.1 Crossbows
 + Level 0.1 Throwing
 + Level 0.1 Armour
 + Level 4.4 Dodging
 + Level 4.0 Stealth
 + Level 0.1 Shields
 + Level 0.1 Unarmed Combat
 + Level 4.9 Spellcasting
 + Level 0.1 Conjurations
 + Level 0.1 Hexes
 + Level 0.1 Charms
 + Level 0.1 Summonings
 + Level 0.1 Necromancy
 + Level 0.1 Translocations
 + Level 0.1 Transmutations
 + Level 0.1 Fire Magic
 + Level 7.0 Ice Magic
 + Level 0.1 Air Magic
 + Level 0.1 Earth Magic
 + Level 0.1 Poison Magic
 + Level 0.2 Invocations
 + Level 0.1 Evocations


You had 8 spell levels left.
You knew the following spells:

 Your Spells              Type           Power        Failure   Level  Hunger
a - Freeze                Ice            ####         1%          1    None

Your spell library contained the following spells:

 Spells                   Type           Power        Failure   Level  Hunger
 Frozen Ramparts          Ice            ####..       2%          3    ###....
 Ozocubu's Armour         Chrm/Ice       ###.....     10%         3    ###....
 Hailstorm                Conj/Ice       ###.....     32%         4    ####...
 Summon Ice Beast         Ice/Summ       ###.....     32%         4    ####...


Dungeon Overview and Level Annotations

Branches:
Dungeon (2/15)

Altars:


Innate Abilities, Weirdness & Mutations

Your experience applies equally to all skills.
You have very sharp teeth.
Your uncanny sense of smell can sniff out nearby items.


Message History

The shaft crumbles and collapses.
A leopard gecko comes into view.
Unknown command.
The leopard gecko moves out of view.
Found a scroll labeled FOAPSERRED and 10 stones.
b - a scroll labeled FOAPSERRED A centaur skeleton comes into view.
You aren't carrying any items that you can evoke.
The centaur skeleton closely misses you.
You see here 10 stones.
You hit the centaur skeleton.
The centaur skeleton is lightly damaged.
The centaur skeleton hits you.
You hit the centaur skeleton.
The centaur skeleton is lightly damaged.
The centaur skeleton barely misses you.
You hit the centaur skeleton. You bite the centaur skeleton.
The centaur skeleton is moderately damaged.
The centaur skeleton hits you. x2
You die...

##. #####.....
#####.@Z..#
##.##.....##########
#...................
..###..###########.
##..# ##.# #.## #..#
##.#


You could see a centaur skeleton.

Vanquished Creatures
  A goblin (D:1)
  A hobgoblin (D:1)
  A jackal (D:1)
  2 bats (D:2)
  A frilled lizard (D:2)
6 creatures vanquished.

Notes
Turn   | Place    | Note
-------+----------+-------------------------------------------
     0 | D:1      | gruber the Gnoll Ice Elementalist began the quest for the
                  | Orb.
     0 | D:1      | Reached XP level 1. HP: 13/13 MP: 6/6
     4 | D:1      | You fall into a shaft and drop 1 floor!
   444 | D:1      | You fall into a shaft and drop 1 floor!
   448 | D:2      | You fall into a shaft and drop 2 floors!
   466 | D:4      | Slain by a centaur skeleton

Illustrated notes

Levels and vault maps discovered:
D:1:      matt_arrival_grand_opening, layout_basic
D:2:      layout_loops_ring, first_ration, chequers_ecumenical_altar_island,
          tgw_trog, uniq_jessica, uniq_robin
D:4:      layout_rooms, amethyst_overflow_temple_binary, uniq_grinder,
          uniq_edmund, uniq_blork_the_orc

Action                   || total
-------------------------++-------
Melee: Unarmed           ||     6
       Bite              ||     1
 Cast: Freeze            ||     4
Dodge: Dodged            ||     5
